PCL
HOUSTON HAMMERTIME @ GRESHAM GOLD SOULS
06/21/2028
 
TOP OF THE 1ST
Houston Hammertime batting - Pitching for Gresham Gold Souls : RHP David Green
Pitching: RHP David Green
Batting: SHB Carlos Córdova 0-0: Foul Ball, location: 2F
0-1: Ball
1-1: Foul Ball, location: 2F
1-2: Ball
2-2: Ball
3-2: Foul Ball, location: 2F
3-2: Ground out 4-3 (Groundball, 4)
Batting: RHB David Hernández 0-0: Ball
1-0: Fly out, F7 (Flyball, 7D)
Batting: RHB Alonso Holguín 0-0: Called Strike
0-1: Swinging Strike
0-2: SINGLE (Line Drive, 56D)
Batting: LHB Frank Geddes 0-0: Ball
1-0: Called Strike
1-1: Foul Ball, location: 2F
1-2: Ball
2-2: Foul Ball, location: 2F
2-2: Ball
3-2: Ground out 5-3 (Groundball, 56S)
Top of the 1st over - 0 run(s), 1 hit(s), 0 error(s), 1 left on base; Houston 0 - Gresham 0
BOTTOM OF THE 1ST
Gresham Gold Souls batting - Pitching for Houston Hammertime : LHP William Watson
Pitching: LHP William Watson
Batting: SHB Jesús Sosa 0-0: Called Strike
0-1: Swinging Strike
0-2: Ball
1-2: Foul Ball, location: 2F
1-2: Strikes out swinging
Batting: RHB Pablo Castillo 0-0: Ball
1-0: Called Strike
1-1: Foul Ball, location: 2F
1-2: Ground out 5-3 (Groundball, 56)
Batting: LHB Troy Donaldson 0-0: Foul Ball, location: 2F
0-1: SINGLE (Groundball, 4MD)
Batting: RHB Mario Méndez 0-0: Ball
1-0: Called Strike
Troy Donaldson is caught stealing 2nd base
Bottom of the 1st over - 0 run(s), 1 hit(s), 0 error(s), 0 left on base; Houston 0 - Gresham 0
TOP OF THE 2ND
Houston Hammertime batting - Pitching for Gresham Gold Souls : RHP David Green
Batting: RHB John Major 0-0: Ball
1-0: Ball
2-0: SINGLE (Groundball, 56D)
Batting: LHB António Camacho 0-0: Foul Ball, location: 2F
0-1: Foul Ball, location: 2F
0-2: Ball
1-2: Ball
2-2: Foul Ball, location: 2F
2-2: Fly out, F2 (Popup, 5S)
Batting: RHB Dan Mason 0-0: Ball
1-0: Ball
Balk!
John Major to second
2-0: Ball
3-0: Called Strike
3-1: Base on Balls
Batting: RHB José García 0-0: Grounds into double play, 6-4-3 (Groundball, 6)
Top of the 2nd over - 0 run(s), 1 hit(s), 0 error(s), 1 left on base; Houston 0 - Gresham 0
BOTTOM OF THE 2ND
Gresham Gold Souls batting - Pitching for Houston Hammertime : LHP William Watson
Batting: RHB Mario Méndez 0-0: Ball
1-0: Ball
2-0: Ball
3-0: Called Strike
3-1: Foul Ball, location: 2F
3-2: Fly out, F9 (Flyball, 9LS)
Batting: RHB Gabriel Miranda 0-0: Ground out 5-3 (Groundball, 56)
Batting: LHB Ezechiele Bruno 0-0: Ball
1-0: Foul Ball, location: 2F
1-1: Swinging Strike
1-2: Strikes out swinging
Bottom of the 2nd over - 0 run(s), 0 hit(s), 0 error(s), 0 left on base; Houston 0 - Gresham 0
TOP OF THE 3RD
Houston Hammertime batting - Pitching for Gresham Gold Souls : RHP David Green
Batting: RHB Victor Andrews 0-0: Ball
1-0: Ball
2-0: Swinging Strike
2-1: Foul Ball, location: 2F
2-2: Fly out, F8 (Flyball, 8RM)
Batting: SHB Carlos Córdova 0-0: Called Strike
0-1: Ball
1-1: Ball
2-1: Ball
3-1: Base on Balls
Batting: RHB David Hernández 0-0: Ball
Carlos Córdova steals 2nd base
1-0: Ball
Carlos Córdova steals 3rd base
2-0: Ball
3-0: Called Strike
3-1: Base on Balls
Batting: RHB Alonso Holguín 0-0: Ball
1-0: SINGLE (Line Drive, 89S)
Carlos Córdova scores
David Hernández to second
Batting: LHB Frank Geddes 0-0: Called Strike
0-1: Called Strike
0-2: Ball
1-2: Strikes out looking
Batting: RHB John Major 0-0: Ball
1-0: Called Strike
1-1: Ball
2-1: Called Strike
2-2: Strikes out swinging
Top of the 3rd over - 1 run(s), 1 hit(s), 0 error(s), 2 left on base; Houston 1 - Gresham 0
BOTTOM OF THE 3RD
Gresham Gold Souls batting - Pitching for Houston Hammertime : LHP William Watson
Batting: RHB Luke McIndoe 0-0: Ball
1-0: Foul Ball, location: 2F
1-1: Ground out 5-3 (Groundball, 56S)
Batting: RHB Matt Davidson 0-0: Foul Ball, location: 2F
0-1: Ball
1-1: Foul Ball, location: 2F
1-2: Ball
2-2: Strikes out swinging
Batting: SHB Sean Carr 0-0: Ball
1-0: Called Strike
1-1: Foul Ball, location: 2F
1-2: Ball
2-2: Ball
3-2: Base on Balls
Batting: SHB Jesús Sosa 0-0: Ground out U3 (Groundball, 34S)
Bottom of the 3rd over - 0 run(s), 0 hit(s), 0 error(s), 1 left on base; Houston 1 - Gresham 0
TOP OF THE 4TH
Houston Hammertime batting - Pitching for Gresham Gold Souls : RHP David Green
Batting: LHB António Camacho 0-0: Called Strike
0-1: Ball
1-1: Ball
2-1: Foul Ball, location: 2F
2-2: Strikes out swinging
Batting: RHB Dan Mason 0-0: Ball
1-0: Ball
2-0: Called Strike
2-1: Ball
3-1: Base on Balls
Batting: RHB José García 0-0: Ball
1-0: Bunted foul
1-1: Ball
2-1: Ground out 6-3 (Groundball, 6S)
Dan Mason to second
Batting: RHB Victor Andrews 0-0: Ball
1-0: Ball
2-0: Foul Ball, location: 2F
2-1: Foul Ball, location: 2F
2-2: Ball
3-2: Ground out 3-1 (Groundball, 34)
Top of the 4th over - 0 run(s), 0 hit(s), 0 error(s), 1 left on base; Houston 1 - Gresham 0
BOTTOM OF THE 4TH
Gresham Gold Souls batting - Pitching for Houston Hammertime : LHP William Watson
Batting: RHB Pablo Castillo 0-0: Ball
1-0: Ball
2-0: Ball
3-0: Base on Balls
Batting: LHB Troy Donaldson 0-0: Ball
1-0: Called Strike
1-1: Ball
2-1: SINGLE (Groundball, 3D)
Pablo Castillo to second
Runner from 2nd tries for 3rd, SAFE, throw made to third
Troy Donaldson to second
Batting: RHB Mario Méndez 0-0: Ball
1-0: Called Strike
1-1: Fly out, F8 (Flyball, 8RS)
Runner from 3rd tags up, SCORES, no throw
Batting: RHB Gabriel Miranda 0-0: Called Strike
0-1: Ball
1-1: Ball
Troy Donaldson steals 3rd base
2-1: Foul Ball, location: 2F
2-2: Foul Ball, location: 2F
2-2: SINGLE (Groundball, 6MD)
Troy Donaldson scores
Batting: LHB Ezechiele Bruno 0-0: Swinging Strike
0-1: Called Strike
0-2: Foul Ball, location: 2F
0-2: Fielders Choice at 2nd, 6-4 (Groundball, 6M)
Batting: RHB Luke McIndoe 0-0: Ball
1-0: Fielders Choice at 2nd, 6-4 (Groundball, 6)
Bottom of the 4th over - 2 run(s), 2 hit(s), 0 error(s), 0 left on base; Houston 1 - Gresham 2
TOP OF THE 5TH
Houston Hammertime batting - Pitching for Gresham Gold Souls : RHP David Green
Batting: SHB Carlos Córdova 0-0: Ball
1-0: Foul Ball, location: 2F
1-1: Ball
2-1: Ball
3-1: Base on Balls
Batting: RHB David Hernández 0-0: Ball
1-0: Called Strike
1-1: SINGLE (Groundball, 4MD)
Carlos Córdova to second
Runner from 2nd tries for 3rd, OUT!
Batting: RHB Alonso Holguín 0-0: Called Strike
0-1: Called Strike
0-2: Ball
1-2: Strikes out swinging
Batting: LHB Frank Geddes 0-0: Ball
1-0: Ball
2-0: Called Strike
2-1: Swinging Strike
Balk!
David Hernández to second
2-2: Ball
3-2: Base on Balls
Batting: RHB John Major 0-0: DOUBLE (Line Drive, 89M)
David Hernández scores
Frank Geddes to third
Batting: LHB António Camacho 0-0: Ball
1-0: Called Strike
1-1: Called Strike
1-2: Ball
2-2: Strikes out swinging
Top of the 5th over - 1 run(s), 2 hit(s), 0 error(s), 2 left on base; Houston 2 - Gresham 2
BOTTOM OF THE 5TH
Gresham Gold Souls batting - Pitching for Houston Hammertime : LHP William Watson
Batting: RHB Matt Davidson 0-0: Called Strike
0-1: Foul Ball, location: 2F
0-2: Strikes out swinging
Batting: SHB Sean Carr 0-0: Called Strike
0-1: Ball
1-1: Ball
2-1: Ground out 5-3 (Groundball, 56S)
Batting: SHB Jesús Sosa 0-0: Called Strike
0-1: Ball
1-1: Swinging Strike
1-2: Foul Ball, location: 2F
1-2: Strikes out swinging
Bottom of the 5th over - 0 run(s), 0 hit(s), 0 error(s), 0 left on base; Houston 2 - Gresham 2
TOP OF THE 6TH
Houston Hammertime batting - Pitching for Gresham Gold Souls : RHP David Green
Pitching: RHP Paul Miller
Batting: RHB Dan Mason 0-0: Bunted foul
0-1: Ball
1-1: Called Strike
1-2: SOLO HOME RUN (Flyball, 78XD), Distance : 413 ft
Batting: RHB José García 0-0: Swinging Strike
0-1: Ball
1-1: Foul Ball, location: 2F
1-2: Ball
2-2: Ball
3-2: Foul Ball, location: 2F
3-2: Strikes out swinging
Batting: RHB Victor Andrews 0-0: Ball
1-0: Ball
2-0: Ball
3-0: Base on Balls
Batting: SHB Carlos Córdova 0-0: Ball
1-0: Foul Ball, location: 2F
1-1: Ball
2-1: Swinging Strike
Passed Ball!
Victor Andrews to second
2-2: Ball
3-2: SINGLE (Groundball, 4D)
Victor Andrews to third
Batting: RHB David Hernández 0-0: Ball
Carlos Córdova is caught stealing 2nd base
1-0: Ground out 6-3 (Groundball, 6)
Top of the 6th over - 1 run(s), 2 hit(s), 0 error(s), 1 left on base; Houston 3 - Gresham 2
BOTTOM OF THE 6TH
Gresham Gold Souls batting - Pitching for Houston Hammertime : LHP William Watson
Batting: RHB Pablo Castillo 0-0: Swinging Strike
0-1: Called Strike
0-2: Ground out 6-3 (Groundball, 6)
Batting: LHB Troy Donaldson 0-0: SINGLE (Groundball, 4MD)
Batting: RHB Mario Méndez 0-0: Called Strike
0-1: Foul Ball, location: 2F
0-2: Strikes out looking
Batting: RHB Gabriel Miranda 0-0: Ball
1-0: Fly out, F7 (Flyball, 78M)
Bottom of the 6th over - 0 run(s), 1 hit(s), 0 error(s), 1 left on base; Houston 3 - Gresham 2
TOP OF THE 7TH
Houston Hammertime batting - Pitching for Gresham Gold Souls : RHP Paul Miller
Batting: RHB Alonso Holguín 0-0: Called Strike
0-1: Called Strike
0-2: Ball
1-2: Ball
2-2: Ball
3-2: SINGLE (Groundball, 4MD)
Batting: LHB Frank Geddes 0-0: Ball
1-0: 2-RUN HOME RUN (Flyball, 9D), Distance : 401 ft
Pitching: RHP José González
Batting: RHB John Major 0-0: Swinging Strike
0-1: Ball
1-1: SINGLE (Line Drive, 6MD)
Batting: LHB António Camacho 0-0: Sac Bunt - play at first, batter OUT! 5-3
John Major to second
Batting: RHB Dan Mason 0-0: Intentional Walk
Batting: RHB José García 0-0: Called Strike
0-1: 3-RUN HOME RUN (Flyball, 8RXD), Distance : 430 ft
Pitching: LHP Shawn Taylor
Batting: RHB Victor Andrews 0-0: Ball
1-0: Ball
2-0: Ball
3-0: Called Strike
3-1: Base on Balls
Batting: SHB Carlos Córdova 0-0: Called Strike
0-1: Foul Ball, location: 2F
0-2: Ball
1-2: Foul Ball, location: 2F
1-2: Fly out, F9 (Flyball, 9)
Batting: RHB David Hernández 0-0: Ball
1-0: Fielders Choice at 2nd, 5-4 (Groundball, 56)
Top of the 7th over - 5 run(s), 4 hit(s), 0 error(s), 0 left on base; Houston 8 - Gresham 2
BOTTOM OF THE 7TH
Gresham Gold Souls batting - Pitching for Houston Hammertime : LHP William Watson
Batting: LHB Ezechiele Bruno 0-0: Swinging Strike
0-1: Ball
1-1: Ground out 6-3 (Groundball, 6)
Batting: RHB Luke McIndoe 0-0: Called Strike
0-1: Called Strike
0-2: Ball
1-2: Hit by Pitch
Batting: RHB Matt Davidson 0-0: Ball
1-0: Foul Ball, location: 2F
1-1: Called Strike
1-2: 2-RUN HOME RUN (Flyball, 7LD), Distance : 361 ft
Batting: SHB Sean Carr 0-0: Ball
1-0: Called Strike
1-1: Foul Ball, location: 2F
1-2: Ball
2-2: Ball
3-2: Ground out 4-3 (Groundball, 4)
Batting: SHB Jesús Sosa 0-0: Ground out 4-3 (Groundball, 4)
Bottom of the 7th over - 2 run(s), 1 hit(s), 0 error(s), 0 left on base; Houston 8 - Gresham 4
TOP OF THE 8TH
Houston Hammertime batting - Pitching for Gresham Gold Souls : LHP Shawn Taylor
Batting: RHB Alonso Holguín 0-0: Ball
1-0: Ball
2-0: Ball
3-0: Base on Balls
Batting: LHB Frank Geddes 0-0: Called Strike
0-1: Foul Ball, location: 2F
0-2: Strikes out swinging
Batting: RHB John Major 0-0: Called Strike
0-1: Ball
1-1: SINGLE (Line Drive, 7LM)
Alonso Holguín to second
Batting: LHB António Camacho 0-0: Called Strike
0-1: Fly out, F8 (Flyball, 8LS)
Batting: RHB Dan Mason 0-0: Ball
1-0: Foul Ball, location: 2F
1-1: Swinging Strike
1-2: Foul Ball, location: 2F
1-2: Ball
Wild Pitch!
Alonso Holguín to third
John Major to second
2-2: Fly out, F4 (Flyball, 4D)
Top of the 8th over - 0 run(s), 1 hit(s), 0 error(s), 2 left on base; Houston 8 - Gresham 4
BOTTOM OF THE 8TH
Gresham Gold Souls batting - Pitching for Houston Hammertime : LHP William Watson
Pitching: RHP Brandon Williams
Batting: RHB Pablo Castillo 0-0: Ball
1-0: Ball
2-0: Foul Ball, location: 2F
2-1: Foul Ball, location: 2F
2-2: Fly out, F8 (Flyball, 8LS)
Batting: LHB Troy Donaldson 0-0: Called Strike
0-1: Ball
1-1: Ball
2-1: DOUBLE (Line Drive, 9LM)
Batting: RHB Mario Méndez 0-0: Called Strike
0-1: Swinging Strike
0-2: Ball
1-2: Fly out, F6 (Popup, 6M)
Batting: RHB Gabriel Miranda 0-0: Ball
1-0: Reached on error, E6 (Groundball, 6)
Troy Donaldson to third
Pitching: RHP António Sánchez
Batting: LHB Ezechiele Bruno 0-0: Called Strike
0-1: Hit by Pitch
Gabriel Miranda to second
Pitching: RHP Dae-hee Ch'oe
Batting: RHB Luke McIndoe 0-0: Called Strike
0-1: Foul Ball, location: 2F
0-2: Foul Ball, location: 2F
0-2: Ball
1-2: Ball
2-2: Foul Ball, location: 2F
2-2: SINGLE (Groundball, 56D)
Troy Donaldson scores
Gabriel Miranda to third
Ezechiele Bruno to second
Runner from 3rd tries for Home, SAFE, no throw
Pinch Hitting: LHB Bill Smith 0-0: Ground out U3 (Groundball, 34)
Bottom of the 8th over - 2 run(s), 2 hit(s), 1 error(s), 2 left on base; Houston 8 - Gresham 6
TOP OF THE 9TH
Houston Hammertime batting - Pitching for Gresham Gold Souls : LHP Shawn Taylor
Now at 3B: Willie Houk
Batting: RHB José García 0-0: Called Strike
0-1: Ground out 5-3 (Groundball, 5)
Batting: RHB Victor Andrews 0-0: Called Strike
0-1: Foul Ball, location: 2F
0-2: Ball
1-2: Foul Ball, location: 2F
1-2: Ball
2-2: Foul Ball, location: 2F
2-2: Strikes out swinging
Batting: SHB Carlos Córdova 0-0: Called Strike
0-1: Foul Ball, location: 2F
0-2: SINGLE (Groundball, 4MD)
Batting: RHB David Hernández 0-0: Called Strike
Carlos Córdova steals 2nd base
0-1: Foul Ball, location: 2F
0-2: Foul Ball, location: 2F
0-2: 2-RUN HOME RUN (Flyball, 7LD), Distance : 345 ft
Pitching: RHP Andy Hickey
Batting: RHB Alonso Holguín 0-0: Ball
1-0: Ball
2-0: Ball
3-0: Base on Balls
Batting: LHB Frank Geddes 0-0: Ball
1-0: Ball
2-0: Ball
3-0: Base on Balls
Alonso Holguín to second
Batting: RHB John Major 0-0: Foul Ball, location: 2F
0-1: Foul Ball, location: 2F
0-2: Foul Ball, location: 2F
0-2: Ball
1-2: Foul Ball, location: 2F
1-2: Foul Ball, location: 2F
1-2: SINGLE (Line Drive, 9S)
Alonso Holguín to third
Frank Geddes to second
Runner from 3rd tries for Home, SAFE, no throw
Batting: LHB António Camacho 0-0: Ball
1-0: Foul Ball, location: 2F
1-1: Swinging Strike
1-2: Ball
2-2: Ball
3-2: Base on Balls
Frank Geddes to third
John Major to second
Batting: RHB Dan Mason 0-0: Called Strike
0-1: Called Strike
0-2: Ball
1-2: Foul Ball, location: 2F
1-2: Foul Ball, location: 2F
1-2: Ball
2-2: Ball
3-2: Foul Ball, location: 2F
3-2: Strikes out swinging
Top of the 9th over - 3 run(s), 3 hit(s), 0 error(s), 3 left on base; Houston 11 - Gresham 6
BOTTOM OF THE 9TH
Gresham Gold Souls batting - Pitching for Houston Hammertime : RHP Dae-hee Ch'oe
Pitching: LHP Júlio Aguilar
Now in CF: Pedro Meza
Batting: SHB Sean Carr 0-0: Called Strike
0-1: Called Strike
0-2: Ball
1-2: Foul Ball, location: 2F
1-2: Strikes out swinging
Batting: SHB Jesús Sosa 0-0: Called Strike
0-1: Foul Ball, location: 2F
0-2: Ball
1-2: Ball
2-2: Ground out 6-3 (Groundball, 6)
Batting: RHB Pablo Castillo 0-0: Foul Ball, location: 2F
0-1: Foul Ball, location: 2F
0-2: Fly out, F9 (Flyball, 9LSF)
Bottom of the 9th over - 0 run(s), 0 hit(s), 0 error(s), 0 left on base; Houston 11 - Gresham 6
Tuesday, August 8th, 2017 - OOTP Baseball 17.12 Build 75